 Dungeon Crawl Stone Soup version 0.30.0-29-ga12c61a403 (webtiles) character file.

Game seed: 966049315760702351

87 growler the Ducker (level 4, -2/31 HPs)
             Began as a Djinni Hedge Wizard on June 7, 2023.
             Slain by a gnoll
             ... wielding a +0 whip
              (10 damage)
             ... on level 2 of the Dungeon.
             The game lasted 00:05:12 (1561 turns).

growler the Ducker (Djinni Hedge Wizard)            Turns: 1561, Time: 00:05:13

Health: -2/31      AC:  2    Str:  9    XL:     4   Next: 80%
Gold:   60         EV: 13    Int: 17    God:
                   SH:  0    Dex: 13

rFire   + + .        j - +2 dagger (speed)
rCold   x . .        (no shield)
rNeg    . . .        b - +0 robe
rPois   ∞            c - +0 hat
rElec   .            (no cloak)
rCorr   .            (no gloves)
SInv    .            (boots unavailable)
Will    .....        (no amulet)
Stlth   ++           (no ring)
HPRegen 0.25/turn    (no ring)
MPRegen 0.00/turn

%: infuse magic (-3 HP)
@: flying
A: sickness immunity, fire resistance 2, cold vulnerability 1, float, innate
caster, HP casting, extra vitality 1
a: no special abilities


You were on level 2 of the Dungeon.
You visited 1 branch of the dungeon, and saw 2 of its levels.

You collected 60 gold pieces.

Inventory:

Hand Weapons
 a - a +0 dagger
 j - a +2 dagger of speed (weapon)
Armour
 b - a +0 robe (worn)
 c - a +0 hat (worn)
Jewellery
 m - an amulet of faith
Wands
 k - a wand of paralysis (14)
Scrolls
 d - a scroll of vulnerability {unknown}
 f - 2 scrolls of poison {unknown}
 i - 2 scrolls of identify {unknown}
 n - 2 scrolls of amnesia {unknown}
Potions
 e - a potion of brilliance
 g - 2 potions of might {unknown}
 h - a potion of curing {unknown}
 l - a potion of mutation {unknown}


   Skills:
 + Level 3.3 Dodging
 + Level 2.6 Stealth
 + Level 3.0 Spellcasting


You knew the following spells:

 Your Spells              Type           Power      Damage    Failure   Level
a - Magic Dart            Conj           52%        1d5       4%          1
b - Slow                  Hex            52%        N/A       4%          1
c - Blink                 Tloc           26%        N/A       8%          2
d - Call Imp              Summ           26%        N/A       8%          2
e - Mephitic Cloud        Conj/Pois/Air  13%        N/A       14%         3
f - Beastly Appendage     Tmut           26%        N/A       4%          1
Your spell library was empty.

Dungeon Overview and Level Annotations

Branches:
Dungeon (2/15)

Altars:


Innate Abilities, Weirdness & Mutations

You are immune to sickness and miasma.
You are immune to poison.
Your flesh is very heat resistant. (rF++)
You are vulnerable to cold. (rC-)
You float through the air rather than walking.
You learn spells naturally, not from books.
Your magical power is your life essence.
You have superior vitality. (+4 MHP)


Message History

Casting: Magic Dart (safe; 4% risk of failure)
Confirm with . or Enter, or press ? or * to list all spells.
You can't see any susceptible monsters within range! (Use Z to cast anyway.)
You see here a rat corpse.
Found a dagger. 2 gnolls come into view.
The gnoll shouts! x2; You hear a shout! x2
A hobgoblin comes into view.
There are monsters nearby!
Casting: Magic Dart (safe; 4% risk of failure)
Confirm with . or Enter, or press ? or * to list all spells.
The spell is quite dangerous to miscast (14% risk of failure)!
Continue anyway?
Aiming: Mephitic Cloud (quite dangerous; 14% risk of failure)
Press: ? - help, Shift-Dir - straight line, f - gnoll
Aim: a gnoll, wielding a +0 whip (chance to affect: 91%)
You miscast Mephitic Cloud.
You are very lightly contaminated with residual magic.
Strange energies run through your body!
A gnoll comes into view. It is wielding a +0 flail.
A gnoll comes into view. It is wielding a +0 spear.
You hit the gnoll.
The gnoll is moderately wounded.
The gnoll misses you.
You barely miss the gnoll.
The gnoll is moderately wounded.
You closely miss the gnoll.
The gnoll is moderately wounded.
The gnoll hits you with a +0 whip.
You completely miss the gnoll.
The gnoll is moderately wounded.
The gnoll attacks as you move away! The gnoll hits you with a +0 whip.
The gnoll attacks as you move away! The gnoll closely misses you.
The gnoll attacks as you move away! The gnoll hits you with a +0 whip.
The gnoll attacks as you move away! The gnoll hits you with a +0 whip.
* * * LOW HITPOINT WARNING * * *
Your magical contamination has completely faded away.
The gnoll attacks as you move away! The gnoll hits you with a +0 whip.
* * * LOW HITPOINT WARNING * * *
The gnoll attacks as you move away! The gnoll hits you with a +0 whip!
You die...

#.#. ### ####g.. ..+
+...... ### ####...######
#.).........#
#.#######.#.#
#.##...##.#.# #+#
#.#.....#g#.#
#.#####...@gg.....#
#.......#.....#...#
##.####..##...##.#.#
##...#.†..###.###...#
#<....##............#
######...#####.......####
....)....# #..######
#######..## #..# # #...#
#...#


You could see 2 gnolls and a hobgoblin.

Vanquished Creatures
  4 gnolls (D:2)
  An adder (D:2)
  A dart slug (D:1)
  4 ball pythons
  4 endoplasms
  3 giant cockroaches (D:1)
  9 goblins
  A hobgoblin (D:1)
  A quokka (D:1)
  2 bats (D:1)
  4 frilled lizards
  2 kobolds (D:1)
  3 rats
39 creatures vanquished.

Notes
Turn   | Place    | Note
-------+----------+-------------------------------------------
     0 | D:1      | growler the Djinni Hedge Wizard began the quest for the
                  | Orb.
     0 | D:1      | growler set off with the following spells memorised: Magic
                  | Dart, Slow, Blink, Call Imp, Mephitic Cloud.
     0 | D:1      | Reached XP level 1. HP: 15/15 MP: 0/0
   234 | D:1      | Reached XP level 2. HP: 20/21 MP: 0/0
   570 | D:1      | Reached XP level 3. HP: 23/25 MP: 0/0
   570 | D:1      | Learned a level 1 spell: Beastly Appendage
  1436 | D:2      | Reached XP level 4. HP: 26/31 MP: 0/0
  1561 | D:2      | Slain by a gnoll

Illustrated notes

Levels and vault maps discovered:
D:1:      nagdon_arrival_zigzag_paths, layout_basic, minmay_heptomino_l4
D:2:      layout_loops_corners, serial_shops, nicolae_shop_hallway_stairs,
          minmay_misc_feat_enclosed, minmay_misc_feat_x

Skill      XL: |  1  2  3  4 |
---------------+-------------+-----
Stealth        | 2 |  2.6
Dodging        | 3 |  3.3
Spellcasting   | 3 |  3.0

Action                     |  1- 3 |  4- 6 || total
---------------------------+-------+-------++-------
  Melee: Dagger            |     5 |    15 ||    20
   Cast: Magic Dart        |    83 |     7 ||    90
         Mephitic Cloud    |       |     1 ||     1
    Use: Potion            |     1 |       ||     1
 Armour: Robe              |     3 |       ||     3
  Dodge: Dodged            |     7 |     8 ||    15
